 Dungeon Crawl Stone Soup version 0.32-a0-599-gba8f9cf90e (webtiles) character file.

Game seed: 5686895202646948450

5604 Ruich the Skirmisher (level 10, -7/76 HPs)
             Began as a Coglin Hunter on Mar 3, 2024.
             Was a High Priest of Okawaru.
             Mangled by a vampire (9 damage)
             ... on level 12 of the Dungeon.
             The game lasted 00:20:07 (11806 turns).

Ruich the Skirmisher (Coglin Hunter)               Turns: 11806, Time: 00:20:07

Health: -7/76      AC: 12    Str: 11    XL:     10   Next: 73%
Magic:  18/18      EV: 11    Int: 10    God:    Okawaru [*****.]
Gold:   923        SH:  0    Dex: 21    Spells: 16/20 levels left

rFire   . . .        a - +3 sling {Narong}
rCold   . . .        d - +0 sling {Lucius}
rNeg    . . .        u - +3 ring mail {rPois}
rPois   +            (no helmet)
rElec   .            m - +0 cloak
rCorr   .            h - +1 pair of gloves
SInv    .            r - +0 pair of boots
Will    .....        (amulet unavailable)
Stlth   +            (ring unavailable)
HPRegen 0.32/turn    (ring unavailable)
MPRegen 0.16/turn    (no gizmo)

%: no passive effects
@: brilliant, hasted, very quick
A: off-hand wielding, slow wielding, warmup strikes, no jewellery
a: Invent Gizmo, Renounce Religion, Heroism, Finesse, Duel


You were on level 12 of the Dungeon.
You worshipped Okawaru.
Okawaru was extremely pleased with you.
You visited 1 branch of the dungeon, and saw 10 of its levels.
You also visited: Bailey.

You collected 923 gold pieces.


Innate Abilities, Weirdness & Mutations

You can wield a second weapon in your off-hand.
It takes a long time for you to wield or remove held weapons.
Your first few attacks do less damage.
You cannot equip rings or amulets.


   Skills:
 + Level 5.7 Fighting
 * Level 10.9 Ranged Weapons
 - Level 1.7 Dodging
 - Level 0.7 Stealth
 + Level 5.5 Spellcasting
 + Level 7.5 Alchemy


You had 16 spell levels left.
You knew the following spells:

 Your Spells              Type           Power      Damage    Failure   Level
o - Olgreb's Toxic Radia  Alch           26%        N/A       24%         4

Your spell library contained the following spells:

 Spells                   Type           Power      Damage    Failure   Level
 Sting                    Conj/Alch      60%        1d6       12%         1
 Mercury Vapours          Alch/Air       30%        N/A       17%         2
 Magic Dart               Conj           16%        1d3       47%         1
 Ensorcelled Hibernation  Hex/Ice        8%         N/A       63%         2
 Searing Ray              Conj           8%         2d4       63%         2
 Fulminant Prism          Conj/Alch      7%         3d7       75%         4
 Passwall                 Erth           4%         N/A       85%         3
 Swiftness                Air            4%         N/A       85%         3

Inventory:

Hand Weapons
 a - a +3 sling (weapon) {Narong}
 d - a +0 sling (offhand) {Lucius}
Missiles
 g - a throwing net {=f}
Armour
 h - a +1 pair of gloves (worn)
 m - a +0 cloak (worn)
 r - a +0 pair of boots (worn)
 u - a +3 ring mail of poison resistance (worn)
Magical Staves
 y - a staff of earth {!a}
Wands
 l - a wand of mindburst (18)
 q - a wand of digging (5)
 t - a wand of flame (12)
Scrolls
 o - a scroll of revelation {unknown}
 p - 3 scrolls of amnesia
 s - a scroll of blinking
 w - a scroll of teleportation {@r2}
Potions
 b - 3 potions of brilliance
 c - a potion of resistance {unknown}
 e - a potion of haste {@q3}
 f - 2 potions of cancellation
 i - 2 potions of curing {@q1}
 j - 2 potions of might {unknown}
 k - a potion of heal wounds {unknown}
 n - a potion of mutation {unknown}
 v - a potion of attraction {unknown}
 x - 3 potions of enlightenment

Dungeon Overview and Level Annotations

Branches:
Dungeon (9/15)             Temple (0/1) D:6            Lair (0/5) D:8
 Bailey (visited)
    Orc: D:9-12

Altars:
Fedhas
Okawaru
Vehumet
Wu Jian
Zin

Shops:
D:6

[ .. .. .# ...
.#...$ .#?V#
..### ....##
#...)(###......
#~...(.#
#.#.##{# # #@#
.# ##.####(#
#..#....
#..#.#.# .#
#.##.#.#####.#
#............#
####.........#
#.........#
##.......#


There were no monsters in sight!


Message History

* * * LOW HITPOINT WARNING * * *
Something bites you.
* * * LOW HITPOINT WARNING * * *
Something draws strength from your injuries!
You shoot a sling bullet. x2; Something hits you!
* * * LOW HITPOINT WARNING * * *
Something bites you but does no damage.
You shoot a sling bullet. x2; Something hits you!
* * * LOW HITPOINT WARNING * * *
Something bites you but does no damage.
You shoot a sling bullet. x2; Something hits you but does no damage.
Something barely misses you.
Unknown command.
You feel better. Something hits you but does no damage.
Something bites you but does no damage.
Unknown command.
It was a potion of brilliance.
You feel clever all of a sudden. Something hits you!
* * * LOW HITPOINT WARNING * * *
Something bites you.
* * * LOW HITPOINT WARNING * * *
Something draws strength from your injuries!
Unknown command.
Unknown command.
Unknown command.
It was a potion of haste.
You feel yourself speed up. Something hits you.
* * * LOW HITPOINT WARNING * * *
Something bites you!
You die...

Skill      XL: |  1  2  3  4  5  6  7  8  9 10 |
---------------+-------------------------------+-----
Ranged Weapons | 4 5 6 7 8 9 10 | 10.9
Spellcasting   | 1 2 3 4 5 |  5.5
Alchemy        | 2 3 5 6 7 |  7.5
Fighting       | 4 5 |  5.7
Dodging        | |  1.7
Stealth        | |  0.7

Action                     |  1- 3 |  4- 6 |  7- 9 | 10-12 || total
---------------------------+-------+-------+-------+-------++-------
   Fire: Sling             |   120 |   270 |   598 |   574 ||  1562
   Cast: Olgreb's Toxic Ra |       |       |       |     1 ||     1
  Evoke: Wand              |       |       |     8 |       ||     8
    Use: Scroll            |     2 |     5 |     2 |     6 ||    15
         Potion            |       |       |     2 |     3 ||     5
 Armour: Leather armour    |     5 |    20 |    37 |       ||    62
         Ring mail         |       |       |   121 |   117 ||   238
         Skin              |       |       |     3 |       ||     3
  Dodge: Dodged            |     8 |    21 |   102 |    75 ||   206

Levels and vault maps discovered:
D:1:      saegor_arrival_under_anarchy, layout_basic, basic_ecumenical_altar
D:2:      layout_rooms, minmay_misc_feat_secret_circle
D:3:      layout_basic, serial_corexii_hall, corexii_hall_statues_x,
          corexii_hall_statues_i, corexii_hall_statues_i,
          corexii_hall_statues_x, chequers_serial_rivers_micro_b
D:4:      layout_cave_pools, gammafunk_temple_overflow_statue, serial_rivers,
          chequers_serial_rivers_small_a, chequers_serial_rivers_small_3,
          chequers_serial_rivers_marsh, chequers_serial_rivers_marsh,
          chequers_serial_rivers_room_a, chequers_serial_rivers_large_b
D:5:      layout_basic, fedhas_altar_1
D:6:      layout_loops_ring, minmay_temple_entry_arrows, enter_ossuary_1,
          serial_shops, shop_statue, billiards_dpeg, uniq_grinder, uniq_duvessa,
          uniq_jeremiah
D:7:      layout_loops_ring, mainiacjoe_overflow_catwalk
D:8:      layout_basic, lair_entry_dummy, enter_bailey_2, due_unseen_surprise
D:9:      layout_basic, david_orc_3, chequers_serial_rivers_micro_c,
          st_stairs_5, hellmonk_guarded_unrand_sphere_of_battle
D:12:     layout_basic, serial_rivers, chequers_serial_rivers_small_b,
          chequers_serial_rivers_small_a, chequers_serial_rivers_micro_b,
          chequers_serial_rivers_marsh, chequers_serial_rivers_room_b,
          makhleb_altar_promises_db

Notes
Turn   | Place    | Note
-------+----------+-------------------------------------------
     0 | D:1      | Ruich the Coglin Hunter began the quest for the Orb.
     0 | D:1      | Reached XP level 1. HP: 16/16 MP: 1/1
   230 | D:1      | Reached skill level 4 in Ranged Weapons
   230 | D:1      | Reached XP level 2. HP: 22/22 MP: 2/2
   322 | D:1      | Found a faded altar of an unknown god.
   335 | D:1      | Reached XP level 3. HP: 27/27 MP: 3/3
   335 | D:1      | Prayed at the altar of an unknown god.
   335 | D:1      | Became a worshipper of Warmaster Okawaru
   335 | D:1      | Reached * piety under Okawaru
   877 | D:2      | Reached skill level 5 in Ranged Weapons
   877 | D:2      | Reached XP level 4. HP: 33/33 MP: 4/4
  1735 | D:3      | Reached XP level 5. HP: 35/38 MP: 5/5
  1967 | D:4      | Reached skill level 6 in Ranged Weapons
  2116 | D:4      | Learned a level 4 spell: Olgreb's Toxic Radiance
  2472 | D:4      | Found a glowing silver altar of Zin.
  2472 | D:4      | Found an ornate altar of the Wu Jian Council.
  2568 | D:5      | Entered Level 5 of the Dungeon
  2686 | D:5      | Reached XP level 6. HP: 44/44 MP: 6/6
  2706 | D:5      | Reached ** piety under Okawaru
  2707 | D:5      | Reached skill level 1 in Spellcasting
  2707 | D:5      | Reached skill level 1 in Alchemy
  3289 | D:5      | Reached skill level 2 in Alchemy
  3310 | D:5      | Noticed an ice beast
  3317 | D:5      | Killed an ice beast
  3318 | D:5      | Reached XP level 7. HP: 50/50 MP: 9/9
  3419 | D:5      | Reached skill level 7 in Ranged Weapons
  3728 | D:5      | Found a blossoming altar of Fedhas.
  3823 | D:5      | Reached skill level 2 in Spellcasting
  4001 | D:6      | Found a staircase to the Ecumenical Temple.
  4006 | D:6      | Reached skill level 3 in Alchemy
  4011 | D:6      | Reached *** piety under Okawaru
  4061 | D:6      | Noticed Jeremiah
  4098 | D:6      | Reached XP level 8. HP: 56/56 MP: 10/12
  4238 | D:6      | Noticed Duvessa
  4240 | D:6      | Noticed Dowan
  4478 | D:5      | Killed Duvessa
  4479 | D:5      | Reached skill level 8 in Ranged Weapons
  4479 | D:5      | Reached skill level 3 in Spellcasting
  4479 | D:5      | Reached skill level 4 in Alchemy
  4480 | D:5      | Killed Dowan
  4714 | D:6      | Found Reluib's Armour Emporium.
  4724 | D:6      | Identified a +2 robe of resistance
  5059 | D:6      | Noticed Grinder
  5075 | D:6      | Killed Grinder
  5075 | D:6      | Reached **** piety under Okawaru
  5076 | D:6      | Reached skill level 5 in Alchemy
  5076 | D:6      | Reached XP level 9. HP: 52/62 MP: 14/14
  5260 | D:6      | Reached skill level 3 in Fighting
  5309 | D:6      | Reached skill level 9 in Ranged Weapons
  5529 | D:6      | Killed Jeremiah
  5530 | D:6      | Reached skill level 4 in Spellcasting
  6158 | D:7      | Reached skill level 6 in Alchemy
  6202 | D:7      | Reached ***** piety under Okawaru
  6204 | D:7      | HP: 6/97 [wyvern (7)]
  6207 | D:7      | Reached skill level 4 in Fighting
  6745 | D:7      | Found a radiant altar of Vehumet.
  7234 | D:8      | Reached XP level 10. HP: 61/73 MP: 15/17
  7235 | D:8      | Received a gift from Okawaru
  7236 | D:8      | Reached skill level 10 in Ranged Weapons
  7383 | D:8      | Found a flagged portal.
  7395 | Bailey   | Entered a bailey
  8129 | Bailey   | Reached skill level 5 in Spellcasting
  8265 | Bailey   | Reached skill level 5 in Fighting
 10205 | D:8      | Reached skill level 7 in Alchemy
 10478 | D:8      | Found a staircase to the Lair.
 11713 | D:9      | You fall into a shaft and drop 3 floors!
 11805 | D:12     | HP: 7/76 [something (1)]
 11806 | D:12     | HP: 2/76 [something (5)]
 11806 | D:12     | Mangled by a vampire

Vanquished Creatures
  Jeremiah (D:6)
  A hornet (D:8)
  Grinder (D:6)
  A shadow (D:8)
  A wyvern (D:7)
  3 yaks (D:8)
  A steam dragon (D:8)
  3 water moccasins
  Duvessa (D:5)
  7 orc warriors
  A sky beast (D:7)
  2 ice beasts
  4 black bears
  A centaur (D:12)
  2 ogres
  A phantom (D:5)
  6 bullfrogs
  3 scorpions
  7 wights
  Dowan (D:5)
  3 howler monkeys (D:8)
  2 bombardier beetles (D:5)
  A hound (D:5)
  2 gnoll boudas (D:7)
  2 orc priests
  3 iguanas
  2 sleepcaps
  10 orc wizards
  23 gnolls
  9 adders
  A shadow imp (D:5)
  A ribbon worm (D:2)
  24 orcs
  3 bats
  4 endoplasms
  7 goblins
  9 hobgoblins
  7 jackals
  A quokka (D:3)
  10 ball pythons
  A frilled lizard (D:1)
  19 kobolds
  2 rats
194 creatures vanquished.

Vanquished Creatures (others)
  An orc wizard (D:7)
1 creature vanquished.

Grand Total: 195 creatures vanquished

Table legend: (Time is in decaauts)
 A = Elapsed time spent in this place.
 B = Non-inter-level travel time spent in this place.
 C = Inter-level travel time spent in this place.
 D = Time resting spent in this place.
 E = Time spent auto-exploring this place.
 F = Levels seen in this place.
 G = Mean time per level.
                   A        B        C        D        E       F      G
               +--------+--------+--------+--------+--------+-----+--------+
         Total |  11911 |  11675 |    236 |   4797 |   5110 |  11 | 1082.8 |
       Dungeon |   9567 |   9331 |    236 |   2886 |   5021 |  10 |  956.7 |
        Bailey |   2343 |   2343 |      0 |   1911 |     89 |   1 | 2343.0 |
               +--------+--------+--------+--------+--------+-----+--------+

Top non-repeatable levels by time:
  Bailey: 2343 daAuts
     D:8: 2128 daAuts
     D:5: 1860 daAuts
     D:6: 1518 daAuts
     D:7: 1146 daAuts
     D:3: 756 daAuts
     D:1: 735 daAuts
     D:4: 693 daAuts
     D:2: 446 daAuts
     D:9: 189 daAuts
    D:12: 92 daAuts

Table legend:
 A = Non-vault XP
 B = Vault XP
 C = Vault XP percentage of total XP
 D = Non-vault monster count
 E = Vault monster count
 F = Vault count percentage of total count
                 A         B        C        D         E       F
            +---------+---------+-------+---------+---------+-------
      Total |    6143 |    1864 |  23.3 |     161 |      34 |  17.4
            +---------+---------+-------+---------+---------+-------
        D:1 |      43 |       0 |   0.0 |      25 |       0 |   0.0
        D:2 |      64 |       0 |   0.0 |      14 |       0 |   0.0
        D:3 |     103 |       0 |   0.0 |      16 |       0 |   0.0
        D:4 |      62 |       0 |   0.0 |       8 |       0 |   0.0
        D:5 |     767 |     205 |  21.1 |      16 |       2 |  11.1
        D:6 |     990 |     800 |  44.7 |      14 |       6 |  30.0
        D:7 |    1240 |       0 |   0.0 |      29 |       0 |   0.0
        D:8 |    2315 |       0 |   0.0 |      28 |       0 |   0.0
        D:9 |     367 |       0 |   0.0 |       7 |       0 |   0.0
       D:12 |     192 |       0 |   0.0 |       4 |       0 |   0.0
     Bailey |       0 |     859 | 100.0 |       0 |      26 | 100.0
            +---------+---------+-------+---------+---------+-------
